 Dungeon Crawl Stone Soup version 0.30-a0-225-g04c3547f4f (webtiles) character file.

Game seed: 294054199735463397

648 qw the Chopper (level 7, -3/43 HPs)
             Began as a Gargoyle Fighter on Oct 9, 2022.
             Was an Initiate of Okawaru.
             Slain by an orc
             ... wielding a +0 whip
              (4 damage)
             ... on level 6 of the Dungeon.
             The game lasted 00:01:29 (4016 turns).

qw the Chopper (Gargoyle Fighter)                   Turns: 4016, Time: 00:01:29

Health: -3/43      AC: 16    Str: 22    XL:     7   Next: 53%
Magic:  7/7        EV:  6    Int:  8    God:    Okawaru [......]
Gold:   215        SH:  4    Dex:  9    Spells: 6/6 levels left

rFire   . . .      SeeInvis .    Y - +0 war axe
rCold   . . .      Faith    .    c - +0 buckler
rNeg    + . .      Spirit   .    e - +0 plate armour
rPois   inf        Reflect  .    (no helmet)
rElec   +          Harm     .    b - +0 cloak
rCorr   .          Rampage  .    a - +1 pair of gloves
Will    .....                    (no boots)
Stlth   ..........               (no amulet)
HPRegen 0.00/turn                g - +4 ring of protection
MPRegen 0.10/turn                (no ring)

@: about to teleport, corroded, inhibited regen
A: sickness immunity, AC +4, negative energy resistance 1, electricity
resistance, torment resistance 1, petrification resistance, inhibited
regeneration, MP-powered wands
a: Renounce Religion


You were on level 6 of the Dungeon.
You worshipped Okawaru.
Okawaru was noncommittal.
You visited 1 branch of the dungeon, and saw 6 of its levels.

You collected 324 gold pieces.
You spent 109 gold pieces at shops.


Innate Abilities, Weirdness & Mutations

You are immune to sickness and miasma.
Your stone body is resilient. (AC +4)
You are immune to poison.
You resist negative energy. (rN+)
You are resistant to electric shocks. (rElec)
You are resistant to unholy torment.
You are immune to petrification.
You do not regenerate when monsters are visible.
You expend magic power (3 MP) to strengthen your wands.


   Skills:
 - Level 4.1 Fighting
 + Level 6.3 Axes
 - Level 2.1 Throwing
 - Level 4.2 Armour
 - Level 3.2 Shields


You had 6 spell levels left.
You didn't know any spells.
Your spell library was empty.

Inventory:

Hand Weapons
 s - a +2 flail of venom
 Y - a +0 war axe (weapon)
Missiles
 m - 3 boomerangs
 r - a javelin (quivered)
Armour
 a - a +1 pair of gloves (worn)
 b - a +0 cloak (worn)
 c - a +0 buckler (worn)
 e - a +0 plate armour (worn)
Jewellery
 g - a +4 ring of protection (left hand)
Scrolls
 n - a scroll of identify
Potions
 d - a potion of might
 f - a potion of curing
 h - 2 potions of resistance
 k - a potion of cancellation {unknown}
 l - a potion of lignification {unknown}
 o - 2 potions of attraction
 q - a potion of haste

Dungeon Overview and Level Annotations

Branches:
Dungeon (6/15)
 Temple: D:4-7

Altars:
Cheibriados
Kikubaaqudgha
Okawaru
Ru
Xom

Shops:
D:3 *


Message History

The centaur kicks you but does no damage.
The jelly hits you but does no damage.
The orc priest hits you but does no damage.
The orc hits you but does no damage.
You barely miss the orc priest.
The orc priest is severely wounded.
You hit the jelly. The acid corrodes you!
Your hands burn!
You hit the centaur but do no damage. You barely miss the orc.
The centaur hits you but does no damage.
The centaur kicks you but does no damage.
The centaur hits you but does no damage.
The centaur kicks you but does no damage.
The orc priest hits you with a +0 dagger.
The orc hits you but does no damage. The jelly hits you but does no damage.
You hit the jelly.
Your hands burn!
The jelly is almost dead.
You slash the orc priest!
You kill the orc priest!
Okawaru accepts your kill.
You hit the centaur. You hit the orc but do no damage.
The centaur hits you but does no damage.
The centaur kicks you but does no damage.
The jelly barely misses you.
The centaur hits you but does no damage.
The centaur kicks you but does no damage.
You block the orc's attack. The jelly hits you but does no damage.
4015 ||| READING scroll of teleportation.
As you read the scroll of teleportation, it crumbles to dust.
You feel strangely unstable. The centaur hits you.
The centaur kicks you but does no damage.
The centaur hits you. The centaur kicks you. The orc barely misses you.
You block the jelly's attack. The orc hits you but does no damage.
You hit the jelly.
You kill the jelly!
Okawaru accepts your kill.
You hit the orc but do no damage. You closely miss the orc.
You hit the centaur but do no damage.
The centaur barely misses you. x2; The orc hits you with a +0 whip.
You die...

..# .(.##
##
.....###..
$......
......
#.oo#
#..o#
#.o@##
#.c.<#
#.....#
#.).#...
#..#####..
#..# #..
..# ... .#
#... ####


You could see a centaur and 4 orcs.

Vanquished Creatures
  An orc warrior (D:5)
  A phantom (D:5)
  A howler monkey (D:3)
  2 hounds (D:5)
  3 jellies
  3 orc priests
  An iguana (D:5)
  2 orc wizards (D:5)
  4 gnolls (D:5)
  4 adders
  A white imp (D:3)
  2 ufetubi
  A dart slug (D:1)
  10 orcs (D:5)
  4 ball pythons
  3 endoplasms
  2 giant cockroaches (D:1)
  9 goblins
  4 hobgoblins
  3 jackals (D:5)
  6 quokkas
  3 bats
  2 frilled lizards (D:2)
  7 kobolds
  7 rats
86 creatures vanquished.

Vanquished Creatures (others)
  A fungus (D:3)
1 creature vanquished.

Grand Total: 87 creatures vanquished

Notes
Turn   | Place    | Note
-------+----------+-------------------------------------------
     0 | D:1      | qw the Gargoyle Fighter began the quest for the Orb.
     0 | D:1      | Reached XP level 1. HP: 14/14 MP: 1/1
     0 | D:1      | 0 ||| qw: Version: 0.2-a-17-g06abaee
     0 | D:1      | 0 ||| qw: Game counter: 2297
     0 | D:1      | 0 ||| qw: Always use a shield: true
     0 | D:1      | 0 ||| qw: God list: Okawaru
     0 | D:1      | 0 ||| qw: Allow faded altars: false
     0 | D:1      | 0 ||| qw: Do Orc after D:15 true
     0 | D:1      | 0 ||| qw: Do second Lair branch before Depths: true
     0 | D:1      | 0 ||| qw: Lair rune preference: random
     0 | D:1      | 0 ||| qw: Plans: Normal, Zot:1-4, God:TSO, Crypt, Tomb,
                  | Pan, Slime:5, Hells, Abyss, Orb
     0 | D:1      | 0 ||| PLANNING D:1-11
    62 | D:1      | Reached skill level 2 in Axes
    66 | D:1      | 66 ||| DROPPING +0 club.
   182 | D:1      | Reached XP level 2. HP: 19/19 MP: 2/2
   494 | D:1      | 494 ||| READING scroll labelled YFFUEM NILLURUL.
   595 | D:1      | 595 ||| READING scroll labelled BUYSCH CIUQAIST.
   596 | D:1      | 596 ||| READING scroll labelled ESTROGR BIBOPHAS.
   599 | D:1      | 599 ||| READING scroll labelled SAOXEO MONGU.
   630 | D:2      | 630 ||| Stepping ~*~*~tactically~*~*~ (stealth).
   634 | D:2      | 634 ||| Stepping ~*~*~tactically~*~*~ (stealth).
   663 | D:2      | Reached skill level 3 in Axes
   732 | D:2      | Found a shimmering altar of Xom.
   737 | D:2      | Reached XP level 3. HP: 22/23 MP: 3/3
  1107 | D:2      | 1107 ||| UPGRADING to +0 pair of gloves.
  1112 | D:2      | 1112 ||| READING scroll labelled UPOEFIUKAG.
  1113 | D:2      | 1113 ||| READING scroll labelled XOSIFR IMUT.
  1114 | D:2      | 1114 ||| READING scroll labelled ZIFITSUNIR.
  1115 | D:2      | 1115 ||| DRINKING 2 dark potions.
  1116 | D:2      | 1116 ||| DRINKING 2 fizzy white potions.
  1161 | D:3      | Found a faded altar of an unknown god.
  1455 | D:3      | 1455 ||| Stepping ~*~*~tactically~*~*~ (stealth).
  1577 | D:3      | Reached XP level 4. HP: 28/28 MP: 4/4
  1593 | D:3      | 1593 ||| Stepping ~*~*~tactically~*~*~ (hiding).
  1649 | D:3      | Found Zoipny's Assorted Antiques.
  1654 | D:3      | 1654 ||| BUYING black potion (25 gold).
  1654 | D:3      | Bought a black potion for 25 gold pieces
  1654 | D:3      | 1654 ||| BUYING potion of curing (84 gold).
  1654 | D:3      | Bought a potion of curing for 84 gold pieces
  1654 | D:3      | 1654 ||| SHOPLISTING potion of curing (84 gold, have 55).
  1654 | D:3      | 1654 ||| SHOPLISTING runed plate armour (728 gold, have
                  | 55).
  1654 | D:3      | 1654 ||| SHOPLISTING tourmaline ring (140 gold, have 55).
  1682 | D:3      | Found a snail-covered altar of Cheibriados.
  1914 | D:3      | 1914 ||| UPGRADING to +0 chain mail.
  1924 | D:3      | 1924 ||| DROPPING +0 scale mail.
  1925 | D:3      | 1925 ||| DRINKING 2 pink potions.
  1925 | D:3      | Gained mutation: You are occasionally teleported next to
                  | monsters. [potion of mutation]
  1925 | D:3      | Gained mutation: Armour fits poorly on your strangely
                  | shaped body. [potion of mutation]
  1926 | D:3      | 1926 ||| DRINKING potion of mutation.
  1926 | D:3      | Lost mutation: You are occasionally teleported next to
                  | monsters. [potion of mutation]
  1926 | D:3      | Lost mutation: Armour fits poorly on your strangely shaped
                  | body. [potion of mutation]
  1926 | D:3      | Gained mutation: You do not regenerate when monsters are
                  | visible. [potion of mutation]
  1926 | D:3      | Gained mutation: You expend magic power (3 MP) to
                  | strengthen your wands. [potion of mutation]
  1927 | D:3      | 1927 ||| DRINKING 2 bubbling inky potions.
  1928 | D:3      | 1928 ||| DRINKING 2 black potions.
  1929 | D:3      | 1929 ||| READING 2 scrolls of identify.
  1929 | D:3      | 1929 ||| IDENTIFYING fuming sapphire potion
  1930 | D:3      | 1930 ||| DROPPING potion of ambrosia.
  1973 | D:4      | 1973 ||| Stepping ~*~*~tactically~*~*~ (stealth).
  2020 | D:4      | 2020 ||| READING scroll of enchant armour.
  2020 | D:4      | 2020 ||| ENCHANTING +0 pair of gloves.
  2045 | D:4      | 2045 ||| Stepping ~*~*~tactically~*~*~ (stealth).
  2098 | D:4      | 2098 ||| Stepping ~*~*~tactically~*~*~ (stealth).
  2102 | D:4      | Reached XP level 5. HP: 32/32 MP: 5/5
  2112 | D:4      | 2112 ||| Stepping ~*~*~tactically~*~*~ (stealth).
  2272 | D:4      | Found an ancient bone altar of Kikubaaqudgha.
  2287 | D:4      | Reached skill level 4 in Axes
  2355 | D:4      | 2355 ||| UPGRADING to +0 plate armour.
  2365 | D:4      | 2365 ||| DROPPING +0 chain mail.
  2366 | D:4      | 2366 ||| DRINKING 2 yellow potions.
  2367 | D:4      | 2367 ||| READING 2 scrolls of identify.
  2367 | D:4      | 2367 ||| IDENTIFYING cyan potion
  2368 | D:4      | 2368 ||| DROPPING potion of invisibility.
  2369 | D:4      | 2369 ||| DROPPING potion of brilliance.
  2376 | D:5      | Entered Level 5 of the Dungeon
  2508 | D:5      | Found a sacrificial altar of Ru.
  2510 | D:5      | Found an iron altar of Okawaru.
  2556 | D:5      | 2556 ||| Stepping ~*~*~tactically~*~*~ (stealth).
  2559 | D:5      | 2559 ||| Stepping ~*~*~tactically~*~*~ (hiding).
  2560 | D:5      | 2560 ||| Stepping ~*~*~tactically~*~*~ (hiding).
  2570 | D:5      | Reached skill level 5 in Axes
  2570 | D:5      | Reached XP level 6. HP: 31/37 MP: 6/6
  2620 | D:5      | HP: 7/38 [orc/+0 flail (6)]
  2621 | D:5      | 2621 ||| READING 2 scrolls of teleportation.
  2869 | D:5      | 2869 ||| DROPPING +0 whip.
  3032 | D:5      | Reached XP level 7. HP: 36/43 MP: 7/7
  3066 | D:5      | 3066 ||| DROPPING +0 flail.
  3237 | D:5      | 3237 ||| Stepping ~*~*~tactically~*~*~ (hiding).
  3238 | D:5      | 3238 ||| Stepping ~*~*~tactically~*~*~ (hiding).
  3255 | D:5      | Reached skill level 6 in Axes
  3301 | D:5      | 3301 ||| FLEEEEING.
  3302 | D:5      | 3302 ||| FLEEEEING.
  3303 | D:5      | 3303 ||| FLEEEEING.
  3304 | D:5      | 3304 ||| FLEEEEING.
  3305 | D:5      | 3305 ||| FLEEEEING.
  3306 | D:5      | 3306 ||| FLEEEEING.
  3307 | D:5      | 3307 ||| FLEEEEING.
  3308 | D:5      | 3308 ||| FLEEEEING.
  3309 | D:5      | 3309 ||| FLEEEEING.
  3310 | D:5      | 3310 ||| FLEEEEING.
  3311 | D:5      | 3311 ||| FLEEEEING.
  3312 | D:5      | 3312 ||| FLEEEEING.
  3313 | D:5      | 3313 ||| FLEEEEING.
  3314 | D:5      | 3314 ||| FLEEEEING.
  3315 | D:5      | 3315 ||| FLEEEEING.
  3316 | D:5      | 3316 ||| FLEEEEING.
  3317 | D:5      | 3317 ||| FLEEEEING.
  3318 | D:5      | 3318 ||| FLEEEEING.
  3319 | D:5      | 3319 ||| FLEEEEING.
  3320 | D:5      | 3320 ||| FLEEEEING.
  3321 | D:5      | 3321 ||| FLEEEEING.
  3322 | D:5      | 3322 ||| FLEEEEING.
  3323 | D:5      | 3323 ||| FLEEEEING.
  3324 | D:5      | 3324 ||| FLEEEEING.
  3325 | D:5      | 3325 ||| FLEEEEING.
  3326 | D:5      | 3326 ||| STAIRDANCE
  3373 | D:4      | 3373 ||| UPGRADING to +0 cloak.
  3378 | D:4      | 3378 ||| DROPPING +1 pair of gloves.
  3379 | D:4      | 3379 ||| UPGRADING to +4 ring of protection.
  3672 | D:5      | Found Viupat's Magic Scroll Emporium.
  3708 | D:5      | 3708 ||| Stepping ~*~*~tactically~*~*~ (hiding).
  3723 | D:5      | 3723 ||| DRINKING 2 potions of curing.
  3723 | D:5      | 3723 ||| (to cure confusion)
  3813 | D:5      | 3813 ||| Stepping ~*~*~tactically~*~*~ (stealth).
  3814 | D:5      | 3814 ||| Stepping ~*~*~tactically~*~*~ (stealth).
  3815 | D:5      | 3815 ||| Stepping ~*~*~tactically~*~*~ (stealth).
  3999 | D:5      | 3999 ||| PLANNING OKAWARU WORSHIP
  3999 | D:5      | Became a worshipper of Warmaster Okawaru
  4000 | D:5      | 4000 ||| PLANNING D:1-11
  4014 | D:6      | HP: 10/43 [acid (3)]
  4015 | D:6      | 4015 ||| READING scroll of teleportation.
  4015 | D:6      | HP: 2/43 [centaur (4)]
  4016 | D:6      | Slain by an orc

Levels and vault maps discovered:
D:1:      lightli_arrival_quake, layout_rooms, serial_bayou_lake_a
D:2:      layout_rooms, basic_altar
D:3:      layout_basic, mainiacjoe_overflow_surrounded_room,
          shapermc_ecumenical_altar_ellora, serial_shops, shop
D:4:      layout_basic, mainiacjoe_overflow_six_doors_small
D:5:      layout_layer_cave, jmf_multi_god_temple, serial_shops,
          nicolae_diamond_shop, guppyfry_early_orc_mine
D:6:      layout_layer_cave, minmay_temple_entry_enclosed_plants

Skill      XL: |  1  2  3  4  5  6  7 |
---------------+----------------------+-----
Axes           | 2 3 5 6 |  6.3
Throwing       | 2 |  2.1
Fighting       | 4 |  4.1
Armour         | 4 |  4.2
Shields        | |  3.2

Action                   |  1- 3 |  4- 6 |  7- 9 || total
-------------------------+-------+-------+-------++-------
Melee: War axe           |    75 |   108 |    47 ||   230
Throw: Boomerang         |    19 |    21 |     6 ||    46
       Javelin           |     8 |    20 |     4 ||    32
  Use: Scroll            |     7 |     4 |     1 ||    12
       Potion            |     2 |     5 |     1 ||     8
Armor: Scale mail        |    38 |     1 |       ||    39
       Chain mail        |       |    38 |       ||    38
       Plate armour      |       |    65 |    47 ||   112
Dodge: Dodged            |    27 |    37 |    17 ||    81
Block: Buckler           |    13 |    21 |    15 ||    49

Table legend:
 A = Non-vault XP
 B = Vault XP
 C = Vault XP percentage of total XP
 D = Non-vault monster count
 E = Vault monster count
 F = Vault count percentage of total count
                 A         B        C        D         E       F
            +---------+---------+-------+---------+---------+-------
      Total |     696 |     276 |  28.4 |      77 |       9 |  10.5
            +---------+---------+-------+---------+---------+-------
        D:1 |      25 |       0 |   0.0 |      15 |       0 |   0.0
        D:2 |      22 |       0 |   0.0 |      14 |       0 |   0.0
        D:3 |      77 |       0 |   0.0 |      11 |       0 |   0.0
        D:4 |      66 |       0 |   0.0 |      14 |       0 |   0.0
        D:5 |     420 |     276 |  39.7 |      21 |       9 |  30.0
        D:6 |      86 |       0 |   0.0 |       2 |       0 |   0.0
            +---------+---------+-------+---------+---------+-------
